 Dungeon Crawl Stone Soup version 0.19.4 (webtiles) character file.

1062 Zugr the Cleaver (level 8, 0/58 HPs)
             Began as a Formicid Fighter on Feb 1, 2017.
             Splashed by Pikel's acid (14 damage)
             ... on level 7 of the Dungeon.
             The game lasted 00:25:30 (6350 turns).

Zugr the Cleaver (Formicid Fighter)                 Turns: 6350, Time: 00:25:31

Health: 0/58       AC:  5    Str: 22    XL:     8   Next: 52%
Magic:  8/8        EV:  8    Int:  9    God:
Gold:   310        SH:  9    Dex: 10    Spells: 0 memorised, 7 levels left

rFire  + . .     SeeInvis +     a - +0 war axe
rCold  . . .     Gourm    .     b - +0 scale mail
rNeg   . . .     Faith    .     c - +0 shield
rPois  .         Spirit   .     (helmet unavailable)
rElec  .         Reflect  .     s - +0 cloak
rCorr  .         Harm     .     (no gloves)
MR     .....                    u - +0 pair of boots
Stlth  ..........               p - amulet of regeneration
                                (no ring)
                                r - ring of protection from fire

@: corroded
A: permanent stasis, dig shafts and tunnels, four strong arms, antennae 3
a: Dig, Shaft Self


You were on level 7 of the Dungeon.
You were not hungry.

You visited 2 branches of the dungeon, and saw 8 of its levels.

You collected 310 gold pieces.

Inventory:

Hand Weapons
 a - a +0 war axe (weapon)
Armour
 b - a +0 scale mail (worn)
 c - a +0 shield (worn)
 s - a +0 cloak (worn)
 u - a +0 pair of boots (worn)
Magical Staves
 o - an uncursed staff of wizardry {unknown}
Jewellery
 p - an amulet of regeneration (around neck)
 r - a ring of protection from fire (left hand)
 x - an uncursed ring of fire
Wands
 B - a wand of acid (6/15)
Scrolls
 e - a scroll of blinking {unknown}
 i - 4 scrolls of teleportation {unknown}
 j - a scroll of enchant armour {unknown}
 l - 2 scrolls of fog {unknown}
 m - 3 scrolls of remove curse {unknown}
 n - a scroll of magic mapping {unknown}
 t - 3 scrolls of identify
 v - a scroll of noise {unknown}
 y - a scroll of enchant weapon {unknown}
 D - a scroll of amnesia {unknown}
 F - a scroll of recharging {unknown}
Potions
 d - 2 potions of might
 h - a potion of mutation {unknown}
 k - a potion of lignification {unknown}
 q - a potion of degeneration {unknown}
 w - a potion of invisibility {unknown}
 z - 2 potions of haste {unknown}
 A - 3 potions of curing
 C - a potion of resistance {unknown}
 G - a potion of flight {unknown}
Books
 E - a book of Callings

   Spells                             Type                      Level
   a - Summon Small Mammal            Summoning                    1
   b - Call Imp                       Summoning                    2
   c - Call Canine Familiar           Summoning                    3
   d - Summon Guardian Golem          Hexes/Summoning              3
   e - Summon Lightning Spire         Summoning/Air                4
   f - Summon Ice Beast               Ice/Summoning                4
Comestibles
 f - 2 bread rations
 g - 4 meat rations


   Skills:
 - Level 3.2 Fighting
 + Level 9.6 Axes
 - Level 3.2 Armour
 - Level 3.6 Shields


You had 7 spell levels left.
You didn't know any spells.

Dungeon Overview and Level Annotations

Branches:
Dungeon (7/15)             Temple (1/1) D:4

Altars:
Ashenzari
Cheibriados
Dithmenos
Elyvilon
Fedhas
Gozag
Kikubaaqudgha
Makhleb
Nemelex Xobeh
Okawaru
Ru
Sif Muna
Trog
Uskayaw
Vehumet
Xom
Yredelemnul
Zin
The Shining One

Shops:
D:5 }

Annotations:
D:7 Pikel


Innate Abilities, Weirdness & Mutations

You are under a permanent stasis effect.
You can dig through walls and to a lower floor.
Your four strong arms can wield two-handed weapons with a shield.
You have a pair of large antennae on your head. (SInv)


Message History

Pikel zaps a wand.
The bolt of acid hits you! The acid corrodes you!
You are splashed with acid!
The acid burns!
It is a wand of acid.
You hit Pikel.
Pikel is heavily wounded.
You closely miss the slave.
Pikel says, "It's all about the gold, really."
You block Pikel's attack. The slave hits you!
You miss Pikel.
Pikel is heavily wounded.
You hit the slave. Pikel hits you with a whip of flaming.
You block the slave's attack.
You miss Pikel.
Pikel is heavily wounded.
You block Pikel's attack.
You slash Pikel!
Pikel is almost dead.
Pikel zaps a wand.
The bolt of acid hits you!
* * * LOW HITPOINT WARNING * * *
You are splashed with acid!
The acid burns!
You die...

######+#+ #.........
##### #......... .....#
#........
.....######...##.#
..........'......#
........###...##########[
........##......@Kp......
.........[.......#......#
.......###.......#......#
.......# #########......#
#+###..# ......# ##†.#
......# #...# ...####
#...####### ...#
#...'......


You could see Pikel and a slave.

Vanquished Creatures
  An ice beast (D:6)
  3 slaves (D:7)
  A sky beast (D:5)
  2 phantoms (D:4)
  A centaur (D:6)
  A bullfrog (D:6)
  A water moccasin skeleton (D:3)
  3 hounds
  A jelly (D:7)
  2 orc wizards
  Crazy Yiuf (D:6)
  A centaur skeleton (D:6)
  A bullfrog skeleton (D:5)
  2 worker ants
  13 adders
  An ooze (D:5)
  An adder zombie (D:6)
  An adder skeleton (D:4)
  A worm (D:4)
  A dart slug (D:3)
  A leopard gecko (D:1)
  12 orcs
  12 bats
  4 giant cockroaches
  5 goblins
  6 hobgoblins (D:2)
  6 jackals
  7 kobolds
  A quokka (D:3)
  2 ball pythons
  4 frilled lizards
  A jackal skeleton (D:4)
  6 rats
  A spectral orc (D:5)
107 creatures vanquished.

Notes
Turn   | Place    | Note
-------+----------+-------------------------------------------
     0 | D:1      | Zugr the Formicid Fighter began the quest for the Orb.
     0 | D:1      | Reached XP level 1. HP: 18/18 MP: 1/1
   149 | D:1      | Reached XP level 2. HP: 23/24 MP: 2/2
   598 | D:2      | Reached skill level 3 in Axes
   598 | D:2      | Reached XP level 3. HP: 29/29 MP: 3/3
   926 | D:2      | Found a shattered altar of Ashenzari.
  1090 | D:2      | Reached skill level 4 in Axes
  1090 | D:2      | Reached XP level 4. HP: 30/35 MP: 4/4
  2027 | D:2      | Reached XP level 5. HP: 41/41 MP: 5/5
  2372 | D:3      | Reached skill level 5 in Axes
  2590 | D:3      | Found a glowing golden altar of the Shining One.
  2731 | D:3      | Reached XP level 6. HP: 38/47 MP: 6/6
  3076 | D:3      | Reached skill level 6 in Axes
  3288 | D:4      | Noticed a phantom
  3345 | D:4      | Killed a phantom
  3453 | D:4      | Reached XP level 7. HP: 52/52 MP: 7/7
  3484 | D:4      | Reached skill level 7 in Axes
  3809 | D:4      | Found a shadowy altar of Dithmenos.
  4125 | D:4      | Found a staircase to the Ecumenical Temple.
  4131 | Temple   | Entered the Ecumenical Temple
  4585 | D:5      | Entered Level 5 of the Dungeon
  4665 | D:5      | Reached skill level 8 in Axes
  4781 | D:5      | Found a basalt altar of Yredelemnul.
  4829 | D:5      | Found a blossoming altar of Fedhas.
  4924 | D:5      | Found Zauxaf's Gadget Boutique.
  5354 | D:5      | Found a basalt altar of Yredelemnul.
  5467 | D:6      | Found a hide-covered altar of Uskayaw.
  5467 | D:6      | Found a deep blue altar of Sif Muna.
  5468 | D:6      | Found a radiant altar of Vehumet.
  5502 | D:6      | Reached XP level 8. HP: 57/58 MP: 8/8
  5616 | D:6      | Reached skill level 9 in Axes
  5965 | D:6      | Found an opulent altar of Gozag.
  6111 | D:6      | Found a runed door.
  6115 | D:6      | Noticed Crazy Yiuf
  6121 | D:6      | Killed Crazy Yiuf
  6272 | D:7      | Noticed Pikel
  6350 | D:7      | Splashed by Pikel's acid

Skill      XL: |  1  2  3  4  5  6  7  8 |
---------------+-------------------------+-----
Axes           | 3 4 5 6 8 9 |  9.6
Fighting       | |  3.2
Armour         | |  3.2
Shields        | |  3.6

Action                   |  1- 3 |  4- 6 |  7- 9 || total
-------------------------+-------+-------+-------++-------
Melee: War axe           |   101 |   205 |   227 ||   533
  Use: Scroll            |       |     2 |     2 ||     4
  Eat: Bread ration      |       |     1 |     1 ||     2
       Meat ration       |       |     1 |     1 ||     2
Armor: Scale mail        |    44 |    85 |    88 ||   217
Dodge: Dodged            |    35 |    65 |    51 ||   151
Block: Shield            |    55 |    97 |   108 ||   260
